 Dungeon Crawl Stone Soup version 0.31-a0-1-g4198be8af4 (webtiles) character file.

Game seed: 11654829793454403222

37 cforsyth the Sneak (level 3, -5/24 HPs)
             Began as a Vampire Enchanter on May 1, 2023.
             Slain by an orc
             ... wielding a +0 trident
              (8 damage)
             ... on level 2 of the Dungeon.
             The game lasted 00:01:33 (913 turns).

cforsyth the Sneak (Vampire Enchanter)               Turns: 913, Time: 00:01:34

Health: -5/24      AC:  2    Str:  7    XL:     3   Next: 23%
Magic:  6/6        EV: 12    Int: 19    God:
Gold:   110        SH:  0    Dex: 14    Spells: 6/6 levels left

rFire   . . .        a - +1 dagger
rCold   . . .        (no shield)
rNeg    . . .        b - +0 robe
rPois   .            (no helmet)
rElec   .            (no cloak)
rCorr   .            (no gloves)
SInv    +            (no boots)
Will    .....        (no amulet)
Stlth   +++          (no ring)
HPRegen 0.44/turn    (no ring)
MPRegen 0.10/turn

%: no passive effects
@: healing quickly
A: alive, fangs 3, see invisible, vampiric 2
a: Exsanguinate


You were on level 2 of the Dungeon.
You visited 1 branch of the dungeon, and saw 2 of its levels.

You collected 110 gold pieces.

Inventory:

Hand Weapons
 a - a +1 dagger (weapon)
Armour
 b - a +0 robe (worn)
Jewellery
 i - a ring of poison resistance
Scrolls
 e - 2 scrolls of identify {unknown}
 g - a scroll of enchant weapon {unknown}
 h - a scroll of silence {unknown}
 j - a scroll of enchant armour {unknown}
 k - a scroll of teleportation {unknown}
Potions
 c - 3 potions of invisibility
 d - 2 potions of heal wounds
 f - a potion of lignification {unknown}
 l - a potion of flight {unknown}


   Skills:
 + Level 1.8 Short Blades
 + Level 2.6 Dodging
 + Level 5.0 Stealth
 + Level 2.3 Spellcasting
 + Level 4.8 Hexes


You had 6 spell levels left.
You didn't know any spells.
Your spell library contained the following spells:

 Spells                   Type           Power      Damage    Failure   Level
 Confusing Touch          Hex            20%        N/A       7%          3
 Tukima's Dance           Hex            20%        N/A       7%          3
 Ensorcelled Hibernation  Hex/Ice        22%        N/A       9%          2
 Kiss of Death            Conj/Necr      8%         2d6       16%         1
 Dazzling Flash           Conj/Hex       22%        N/A       19%         3
 Passwall                 Tmut/Erth      1%         N/A       24%         2
 Swiftness                Air            2%         N/A       43%         3
 Dispel Undead            Necr           2%         3d7       85%         4


Dungeon Overview and Level Annotations

Branches:
Dungeon (2/15)

Altars:


Innate Abilities, Weirdness & Mutations

Your natural rate of healing is accelerated.
You have razor-sharp teeth.
You have supernaturally acute eyesight. (SInv)
You are afflicted with vampirism and can become a bat while bloodless.


Message History

You are too injured to fight recklessly!
You are too injured to fight recklessly!
You are too injured to fight recklessly!
You are too injured to fight recklessly!
You are too injured to fight recklessly!
You hit the orc but do no damage. You bite the orc, but do no damage.
The orc is severely wounded.
The orc closely misses you.
The orc hits you from afar with a +0 trident.
The orc attacks as you move away! The orc barely misses you.
The orc attacks as you move away!
The orc hits you with a +1 short sword of flaming.
* * * LOW HITPOINT WARNING * * *
The orc burns you.
* * * LOW HITPOINT WARNING * * *
The orc attacks as you move away!
The orc hits you with a +1 short sword of flaming.
* * * LOW HITPOINT WARNING * * *
The orc burns you.
* * * LOW HITPOINT WARNING * * *
Unknown command.
It was a potion of heal wounds.
You feel much better. The orc barely misses you.
The orc hits you from afar with a +0 trident.
You closely miss the orc.
The orc is severely wounded.
The orc closely misses you.
The orc hits you from afar with a +0 trident!
You hit the orc.
You kill the orc!
The orc hits you from afar with a +0 trident.
Things that are here:
a +1 short sword of flaming; a +0 leather armour You barely miss the orc wizard.
You bite the orc wizard, but do no damage.
The orc hits you from afar with a +0 trident!
* * * LOW HITPOINT WARNING * * *
You barely miss the orc wizard.
The orc hits you from afar with a +0 trident!
You die...

...# ...# ...#### ......#
......####### #####
............# #...###
...######.#.#
###.....######## ...#
#.#.######".........)...?
...#
#.#.....@oo......#######.
.###
#.########o..........# .#
####.##### ###...#####.#
.# #........# #...# .#
#.#..###.# #†### .#
#.#.## #.# #.# ###.### .#
#.#.# #.# ##.### #.....
## #.#.####.#####....#
#.... #.................#
#...###


You could see an orc wizard (invisible) and 2 orcs.

Vanquished Creatures
  2 dart slugs (D:1)
  2 orcs (D:2)
  A ball python (D:1)
  3 endoplasms (D:1)
  3 giant cockroaches
  3 goblins (D:1)
  2 hobgoblins (D:1)
  2 kobolds (D:1)
  A quokka (D:1)
  5 bats
  A frilled lizard (D:1)
  3 rats
28 creatures vanquished.

Notes
Turn   | Place    | Note
-------+----------+-------------------------------------------
     0 | D:1      | cforsyth the Vampire Enchanter began the quest for the Orb.
     0 | D:1      | Reached XP level 1. HP: 13/13 MP: 3/3
   153 | D:1      | Reached XP level 2. HP: 18/19 MP: 5/5
   485 | D:1      | Gained mutation: You are afflicted with vampirism and can
                  | become a bat while bloodless. [Vampire growth]
   485 | D:1      | Reached XP level 3. HP: 24/24 MP: 6/6
   889 | D:2      | Reached skill level 5 in Stealth
   907 | D:2      | HP: 1/24 [orc/+1 short sword of flaming (2)]
   913 | D:2      | Slain by an orc

Illustrated notes

Levels and vault maps discovered:
D:1:      psy_arrival_basics, layout_basic
D:2:      layout_loops_ring, serial_aquarium, aquarium_bridge_long_joined
          [aquarium_subvault_bridge, aquarium_subvault_bridge,
          aquarium_subvault_bridge, aquarium_subvault_bridge,
          aquarium_subvault_wall, aquarium_subvault_bridge], aquarium_window_3,
          aquarium_window_fake, aquarium_view_2b, aquarium_view_2e,
          corexii_leaking_fountain

Skill      XL: |  1  2  3 |
---------------+----------+-----
Stealth        | 5 |  5.0
Short Blades   | |  1.8
Dodging        | |  2.6
Spellcasting   | |  2.3
Hexes          | |  4.8

Action                     || total
---------------------------++-------
  Melee: Dagger            ||   103
         Bite              ||    11
    Use: Potion            ||     1
   Stab: Sleeping          ||     6
 Armour: Robe              ||    21
  Dodge: Dodged            ||    72

Table legend: (Time is in decaauts)
 A = Elapsed time spent in this place.
 B = Non-inter-level travel time spent in this place.
 C = Inter-level travel time spent in this place.
 D = Time resting spent in this place.
 E = Time spent auto-exploring this place.
 F = Levels seen in this place.
 G = Mean time per level.
                   A        B        C        D        E       F      G
               +--------+--------+--------+--------+--------+-----+--------+
         Total |    905 |    880 |     25 |      0 |    634 |   2 |  452.5 |
       Dungeon |    905 |    880 |     25 |      0 |    634 |   2 |  452.5 |
               +--------+--------+--------+--------+--------+-----+--------+

Top non-repeatable levels by time:
     D:1: 616 daAuts
     D:2: 289 daAuts
